Map: Moonlight Madness LE (Void)

Players

Chernobog - Winner!

  • Race: Protoss Protoss
  • League: Silver

BuffNerd

  • Race: Zerg Zerg
  • League: Silver

VOD

Have the link to the VOD?

Description

Time

  • Played on: Aug. 25, 2015, 3:35 a.m.
  • Length: 10:00
Show
View Real Time Build Order
Export as new Build Order

Chernobog Protoss - Winner!

Build Orders: 1 Gate Expand 

Get SALT Encoding   

  12  0:01  Probe  
  13  0:14  Pylon  
  13  0:17  Probe  
  14  0:30  Probe  
  14  0:35  Gateway  
  15  0:42  Probe  
  16  0:44  Assimilator  
  16  0:54  Probe  
  17  1:07  Probe  
  18  1:13  Pylon  
  18  1:19  Probe  
  18  1:24  Cybernetics Core  
  21  1:31  Probe  
  20  1:44  Nexus  
  20  1:46  Warp Gate  
  20  1:53  Probe  
  21  2:06  Adept  
  23  2:10  Gateway  
  23  2:17  Forge  
  23  2:23  Probe  
  24  2:33  Adept  
  24  2:35  Probe  
  27  2:38  Gateway  
  27  2:47  Probe  
  27  2:51  Pylon  
  28  2:56  Assimilator  
  28  2:57  Probe  
  29  2:59  Probe  
  29  3:04  Adept  
  32  3:08  Protoss Ground Weapons Level 1  
  32  3:15  Probe x2  
  34  3:27  Probe  
  34  3:28  Probe  
  36  3:39  Probe  
  36  3:40  Probe  
  36  3:51  Probe  
  37  3:59  Zealot x3  
  37  4:00  Probe  
  44  4:14  Robotics Facility  
  44  4:18  Probe x2  
  44  4:22  Nexus  
  46  4:30  Mothership Core, Probe  
  47  4:43  Probe, Photon Cannon  
  47  4:45  Photon Cannon  
  48  4:52  Pylon  
  48  4:54  Stalker x2  
  48  4:57  Sentry  
  54  5:02  Pylon  
  54  5:10  Probe x2  
  56  5:15  Robotics Bay  
  56  5:17  Warp Prism  
  58  5:24  Assimilator  
  58  5:25  Assimilator  
  58  5:32  Zealot x2  
  58  5:33  Zealot  
  62  5:56  Stalker x3  
  68  6:03  Disruptor  
  67  6:28  Stalker x2  
  67  6:29  Zealot  
  67  6:43  Warp Prism  
  67  6:44  Probe  
  67  6:45  Probe x2  
  72  6:56  Gateway, Probe  
  72  6:57  Probe x2  
  72  6:59  Gateway x2  
  75  7:01  Twilight Council  
  75  7:02  Stalker x3  
  81  7:09  Probe  
  82  7:19  Warp Prism  
  84  7:28  Stalker  
  80  7:33  Pylon  
  80  7:34  Pylon  
  72  8:04  Stalker  
  72  8:05  Stalker x4  
  78  8:22  Pylon  
  78  8:24  Pylon x2  
  78  8:26  Probe x3  
  81  8:31  Disruptor  
  84  8:38  Probe x3  
  87  8:48  Zealot x4  
  93  8:49  Zealot x2  
  93  8:50  Probe  
  100  9:07  Disruptor  
  101  9:11  Zealot x2  
  101  9:12  Stalker x2  
  104  9:24  Zealot  
  100  9:38  Zealot x3  
  100  9:39  Zealot  
  108  9:52  Pylon  
  108  9:53  Pylon  
Show
View Real Time Build Order
Export as new Build Order

BuffNerd Zerg 

Build Orders: Hatch First 

Get SALT Encoding   

  12  0:01  Drone  
  13  0:12  Overlord  
  13  0:17  Drone  
  14  0:31  Drone x2  
  16  0:39  Drone  
  17  0:56  Drone  
  18  1:00  Hatchery  
  17  1:07  Drone x2  
  19  1:16  Extractor  
  18  1:20  Drone  
  18  1:21  Spawning Pool  
  18  1:29  Drone  
  19  1:39  Overlord  
  19  1:55  Drone  
  20  2:06  Drone  
  21  2:14  Roach Warren, Queen x2  
  21  2:15  Drone x2  
  26  2:23  Drone x2  
  28  2:40  Drone x2  
  30  2:48  Drone x2  
  32  3:05  Spine Crawler  
  32  3:07  Spine Crawler  
  32  3:08  Roach x3  
  32  3:09  Overlord  
  36  3:18  Extractor  
  35  3:22  Drone  
  35  3:31  Roach x4  
  35  3:32  Overlord  
  35  3:33  Overlord  
  43  3:53  Drone x3  
  43  3:54  Drone x2  
  43  3:55  Roach x2  
  52  4:01  Roach  
  54  4:05  Drone  
  54  4:07  Roach  
  57  4:15  Overlord  
  57  4:26  Overlord  
  57  4:40  Roach  
  57  4:41  Roach x4  
  67  4:55  Ravager x3  
  67  4:59  Overlord  
  70  5:03  Roach x3  
  70  5:04  Overlord x2  
  70  5:05  Overlord x2  
  76  5:18  Hatchery  
  76  5:19  Ravager  
  78  5:21  Roach x2  
  80  5:58  Roach x7  
  94  6:15  Roach x4  
  100  6:39  Roach x6  
  112  6:42  Overlord x2  
  112  6:47  Queen  
  112  6:48  Drone x4  
  118  6:55  Drone, Extractor  
  118  6:57  Extractor  
  118  7:00  Ravager  
  113  7:31  Roach x2  
  113  7:32  Roach x6  
  98  8:03  Roach x7  
  94  8:25  Drone x3  
  94  8:26  Drone x4  
  101  8:29  Ravager x2  
  103  8:35  Roach x3  
  99  8:58  Ravager x2  
  100  9:03  Roach x4  
  78  9:40  Roach x5  
  78  9:41  Roach x3  
Tags
 
Add a new tag
Caveats
  • Supply blocks, unpowered buildings, or Contaminate may cause inaccurate times.
  • Supply counts are checked every 10 seconds.